Map: Tours du crépuscule

Players

wilhelmowski - Winner!

  • Race: Zerg Zerg
  • Spawn Location: 1:00

zidar

  • Race: Zerg Zerg
  • League: Silver
  • Spawn Location: 7:00

VOD

Have the link to the VOD?

Description

Time

  • Played on: Jan. 2, 2016, 3:44 p.m.
  • Length: 10:56
Show
View Real Time Build Order
Export as new Build Order

wilhelmowski Zerg - Winner!

Build Orders: Pool First 

Get SALT Encoding   

  12  0:01  Drone  
  13  0:08  Drone  
  14  0:23  Extractor  
  14  0:24  Extractor  
  14  0:27  Drone x2  
  16  0:38  Spawning Pool  
  15  0:44  Overlord  
  15  0:51  Overlord  
  15  1:04  Extractor  
  14  1:05  Drone x2  
  17  1:11  Drone  
  17  1:25  Queen  
  19  1:31  Drone  
  20  1:32  Spine Crawler  
  20  1:33  Drone  
  20  1:43  Zergling x2  
  21  2:02  Zergling x2  
  21  2:04  Hatchery  
  21  2:09  Zergling x2  
  22  2:21  Zergling x2  
  22  2:22  Metabolic Boost  
  23  2:27  Zergling x2  
  24  2:35  Drone x2  
  24  2:37  Zergling x2  
  28  2:44  Zergling x2  
  28  2:52  Zergling x2  
  28  2:57  Lair  
  29  3:01  Zergling x2  
  30  3:10  Overlord x2  
  30  3:25  Zergling x6  
  29  3:34  Zergling x4  
  29  3:38  Roach Warren  
  26  3:48  Zergling x4  
  27  3:54  Queen  
  30  4:14  Zergling x2  
  30  4:15  Zergling x10  
  29  4:23  Zergling x2  
  29  4:24  Zergling x2  
  27  4:40  Queen  
  28  4:49  Roach x3  
  30  4:55  Zergling x2  
  30  4:57  Zergling x2  
  32  5:04  Drone  
  32  5:05  Drone  
  34  5:08  Drone  
  35  5:28  Roach x4  
  43  5:36  Extractor  
  42  5:56  Roach  
  44  5:57  Overlord x3  
  44  6:23  Hatchery  
  43  6:28  Spire  
  43  6:32  Drone  
  43  6:33  Drone  
  43  6:36  Drone  
  45  6:42  Drone  
  45  6:45  Drone  
  47  6:48  Drone  
  48  6:54  Extractor x2  
  48  6:55  Drone  
  47  7:06  Glial Reconstitution  
  47  7:10  Zergling x4  
  47  7:12  Drone  
  50  7:18  Drone x2  
  52  7:27  Drone  
  52  7:28  Drone  
  54  7:30  Drone  
  55  7:41  Queen  
  57  7:48  Mutalisk  
  59  8:00  Overseer  
  59  8:05  Mutalisk x2  
  63  8:11  Mutalisk  
  65  8:13  Drone  
  66  8:26  Mutalisk  
  66  8:27  Mutalisk  
  70  8:36  Drone x2  
  70  8:37  Drone  
  67  8:52  Mutalisk x2  
  55  9:06  Zergling x2  
  55  9:07  Zergling x8  
  57  9:17  Mutalisk  
  49  9:32  Zergling x4  
  49  9:33  Zergling x4  
  49  9:48  Zergling x6  
  49  9:50  Drone x2  
  54  9:58  Drone  
  54  9:59  Drone  
  56  10:24  Zergling x4  
  56  10:25  Zergling x8  
  55  10:33  Zergling x6  
Show
View Real Time Build Order
Export as new Build Order

zidar Zerg 

Build Orders: Hatch First 

Get SALT Encoding   

  12  0:01  Drone  
  13  0:12  Overlord  
  13  0:19  Drone  
  14  0:36  Drone x3  
  17  0:56  Hatchery  
  16  0:58  Drone  
  17  1:13  Spawning Pool  
  17  1:16  Drone  
  17  1:21  Extractor  
  17  1:22  Drone  
  17  1:25  Drone  
  18  1:38  Overlord  
  18  1:40  Drone  
  19  2:00  Queen  
  21  2:03  Zergling x4  
  23  2:12  Zergling x2  
  23  2:21  Spine Crawler  
  22  2:24  Queen  
  22  2:26  Overlord  
  24  2:56  Zergling x10  
  24  2:57  Zergling x2  
  30  3:14  Zergling x2  
  30  3:15  Zergling x8  
  31  3:37  Metabolic Boost  
  31  3:42  Queen  
  31  3:46  Zergling x4  
  31  3:47  Zergling x8  
  32  4:32  Zergling x2  
  32  4:33  Zergling x16  
  30  4:59  Roach Warren  
  29  5:46  Roach x7  
  43  5:51  Overlord x3  
  42  6:02  Evolution Chamber  
  41  6:17  Roach x6  
  53  6:29  Zerg Missile Weapons Level 1  
  53  6:49  Roach x2  
  53  6:50  Roach x2  
  61  7:03  Roach  
  61  7:04  Roach  
  65  7:16  Lair  
  65  7:52  Overlord  
  65  7:53  Overlord  
  65  7:54  Overlord  
  65  8:08  Drone x2  
  65  8:11  Drone  
  65  8:12  Drone x4  
  30  9:43  Roach x14  
  30  9:44  Roach x5  
  64  9:59  Spore Crawler x2  
  62  10:02  Spore Crawler  
  62  10:03  Spore Crawler  
  62  10:06  Spore Crawler  
  35  10:29  Drone x8  
  33  10:39  Overseer  
  29  10:46  Spore Crawler  
  28  10:52  Spore Crawler  
Tags
 
Add a new tag
Caveats
  • Supply blocks, unpowered buildings, or Contaminate may cause inaccurate times.
  • Supply counts are checked every 10 seconds.